 Dungeon Crawl Stone Soup version 0.29-a0-330-g52719c12eb (webtiles) character file.

Game seed: 9842154667622371873

725 HoaS the Quickloader (level 8, -3/48 HPs)
             Began as a Kobold Hunter on May 20, 2022.
             Was a Follower of Makhleb.
             Slain by Eustachio
             ... wielding a +0 rapier
              (10 damage)
             ... on level 4 of the Dungeon.
             The game lasted 00:09:03 (5365 turns).

HoaS the Quickloader (Kobold Hunter)                Turns: 5365, Time: 00:09:04

Health: -3/48      AC:  5    Str:  9    XL:     8   Next: 2%
Magic:  8/8        EV: 16    Int: 10    God:    Makhleb [*.....]
Gold:   291        SH:  0    Dex: 20    Spells: 7/7 levels left

rFire   . . .      SeeInvis .   a - +2 hand crossbow
rCold   . . .      Faith    .   (no shield)
rNeg    . . .      Spirit   .   b - +1 leather armour
rPois   .          Reflect  .   n - +0 helmet
rElec   .          Harm     .   (no cloak)
rCorr   .          Rampage  .   (no gloves)
Will    .....                   (no boots)
Stlth   +++.......              (no amulet)
HPRegen 0.16/turn               i - ring of flight
MPRegen 0.11/turn               (no ring)

@: flying
A: small, no large weapons, nightstalker 3
a: Renounce Religion


You were on level 4 of the Dungeon.
You worshipped Makhleb.
Makhleb was aware of your devotion.
You visited 1 branch of the dungeon, and saw 5 of its levels.

You collected 291 gold pieces.

Inventory:

Hand Weapons
 a - a +2 hand crossbow (weapon)
Armour
 b - a +1 leather armour (worn)
 n - a +0 helmet (worn)
Jewellery
 i - a ring of flight (left hand)
Wands
 l - a wand of iceblast (7)
 m - a wand of flame (21)
Scrolls
 c - 2 scrolls of immolation
Potions
 d - 3 potions of curing
 e - 3 potions of heal wounds
 f - a potion of resistance
 g - a potion of might {unknown}
 h - a potion of mutation {unknown}
 j - 2 potions of brilliance {unknown}
 k - a potion of lignification {unknown}
 o - a potion of invisibility {unknown}


   Skills:
 * Level 4.5 Fighting
 - Level 10.0 Crossbows
 + Level 1.7 Armour
 + Level 3.9 Dodging
 - Level 1.3 Stealth


You had 7 spell levels left.
You didn't know any spells.
Your spell library contained the following spells:

 Spells                   Type           Power      Damage    Failure   Level
 Static Discharge         Conj/Air       0%         N/A       61%         2
 Lightning Bolt           Conj/Air       0%         1d11      100%        5
 Maxwell's Capacitive Co  Air            0%         ∞         100%        8


Dungeon Overview and Level Annotations

Branches:
Dungeon (5/15)             Temple (0/1) D:5

Altars:
Cheibriados
Dithmenos
Makhleb
Nemelex Xobeh
Trog
Yredelemnul
Zin
The Shining One

Annotations:
D:4 exclusion: ice beast, Eustachio


Innate Abilities, Weirdness & Mutations

You are small and have problems with some larger weapons.
You are completely attuned to the shadows.


Message History

Makhleb accepts your kill.
You shoot a bolt. The bolt hits the river rat.
The river rat is heavily wounded.
The river rat closely misses you.
You shoot a bolt.
The bolt hits the river rat but does no damage.
The river rat is heavily wounded.
The river rat closely misses you.
You shoot a bolt. The bolt hits the river rat!
You kill the river rat!
The river rat's corpse disappears in a puff of smoke!
You shoot a bolt. The bolt barely misses Eustachio.
Eustachio hits you with a +0 rapier!
The orc warrior hits you from afar with a +0 trident!
You shoot a bolt. The bolt barely misses Eustachio.
The orc warrior hits you from afar with a +0 trident!
Eustachio casts a spell.
You are too injured to fight recklessly!
You are too injured to fight recklessly!
You are too injured to fight recklessly!
Shoot: a) +2 hand crossbow
Press: ? - help, Q - select action, (/) - cycle Shift-Dir - straight line, f/p - Eustachio
Aim: Eustachio, wielding a +0 rapier and wearing a +0 leather armour (64% to hit)
You shoot a bolt. The bolt hits Eustachio!
Eustachio is moderately wounded.
The bat misses you.
The orc warrior hits you from afar with a +0 trident!
* * * LOW HITPOINT WARNING * * *
Eustachio closely misses you.
An orc comes into view. It is wielding a +0 hand axe.
You hear a shout!
The orc shouts!
Shoot: a) +2 hand crossbow
Press: ? - help, Q - select action, (/) - cycle Shift-Dir - straight line, f/p - Eustachio
Aim: Eustachio, wielding a +0 rapier and wearing a +0 leather armour (moderately wounded, 64% to hit)
You shoot a bolt.
The bolt hits Eustachio but does no damage.
Eustachio is moderately wounded.
The bat hits you but does no damage. The bat barely misses you.
The orc warrior closely misses you. Eustachio hits you with a +0 rapier!
You die...

...##.........#
..)<).........#
##............#
####......)...# o.8. #
...........# o... ##
#.....).....## #...#.
...........## #o...##
..........#b##o##...## .
..........##@@# ###..# ..
.....####.##########.#...
...# #.................
## #..#####..........
#.## ########### #.#
###.## ##....##
###..##..##


You could see Eustachio, an orc warrior, an orc and a bat (summoned).

Vanquished Creatures
  An orc warrior (D:5)
  A phantom (D:5)
  An iron imp (D:5)
  2 orc priests
  5 hounds
  2 iguanas (D:5)
  2 orc wizards (D:5)
  Robin (D:4)
  3 gnolls (D:3)
  8 adders
  An ufetubus (D:3)
  2 worms (D:3)
  2 dart slugs
  9 orcs
  3 endoplasms
  A giant cockroach (D:2)
  11 goblins
  9 hobgoblins
  5 kobolds
  5 quokkas
  5 ball pythons
  2 bats (D:3)
  2 frilled lizards
  7 rats
90 creatures vanquished.

Vanquished Creatures (others)
  An orc wizard (D:5)
  A hobgoblin (D:4)
2 creatures vanquished.

Grand Total: 92 creatures vanquished

Notes
Turn   | Place    | Note
-------+----------+-------------------------------------------
     0 | D:1      | HoaS the Kobold Hunter began the quest for the Orb.
     0 | D:1      | Reached XP level 1. HP: 12/12 MP: 1/1
   115 | D:1      | Found a faded altar of an unknown god.
   255 | D:1      | Reached XP level 2. HP: 17/17 MP: 2/2
   421 | D:1      | Reached skill level 6 in Crossbows
   996 | D:2      | Reached XP level 3. HP: 21/21 MP: 3/3
  1313 | D:2      | Reached skill level 7 in Crossbows
  1871 | D:2      | Reached XP level 4. HP: 26/26 MP: 4/4
  2182 | D:3      | Found a burning altar of Makhleb.
  2188 | D:3      | Became a worshipper of Makhleb the Destroyer
  2272 | D:3      | Found a sparkling altar of Nemelex Xobeh.
  2285 | D:3      | Reached XP level 5. HP: 23/30 MP: 5/5
  2480 | D:3      | Found a bloodstained altar of Trog.
  2535 | D:3      | Reached skill level 8 in Crossbows
  2790 | D:4      | Noticed an ice beast
  2936 | D:4      | Noticed Eustachio
  3051 | D:4      | Reached skill level 9 in Crossbows
  3051 | D:4      | Reached XP level 6. HP: 16/35 MP: 6/6
  3440 | D:4      | Found a glowing golden altar of the Shining One.
  3443 | D:4      | Found a basalt altar of Yredelemnul.
  3444 | D:4      | Found a glowing silver altar of Zin.
  3676 | D:5      | Entered Level 5 of the Dungeon
  3819 | D:5      | Found a staircase to the Ecumenical Temple.
  3903 | D:5      | Noticed an orc warrior
  3923 | D:5      | Killed an orc warrior
  3924 | D:5      | Reached skill level 10 in Crossbows
  3924 | D:5      | Reached XP level 7. HP: 40/40 MP: 7/7
  3959 | D:5      | Reached * piety under Makhleb
  4215 | D:5      | Reached skill level 1 in Armour
  4493 | D:5      | Found a snail-covered altar of Cheibriados.
  4590 | D:5      | Found a shadowy altar of Dithmenos.
  4873 | D:4      | Noticed Robin
  5162 | D:4      | Killed Robin
  5356 | D:4      | Reached XP level 8. HP: 29/48 MP: 8/8
  5365 | D:4      | Slain by Eustachio

Illustrated notes

Levels and vault maps discovered:
D:1:      elethiomel_arrival_maze, layout_basic,
          hellmonk_ecumenical_altar_inner_sanctum
D:2:      layout_basic
D:3:      layout_rooms, mainiacjoe_overflow_alcove_2, bloody_makhleb,
          lemuel_doored_altar
D:4:      layout_cave_pods, minitemple, minivault_1, guppyfry_early_orc_mine,
          uniq_robin, uniq_eustachio
D:5:      layout_basic, nicolae_dithmenos_through_a_glass_darkly, slow_altar_2,
          temple_doors_e

Skill      XL: |  1  2  3  4  5  6  7 |
---------------+----------------------+-----
Crossbows      | 6 7 9 10 | 10.0
Dodging        | 3 |  3.9
Fighting       | 4 |  4.5
Armour         | 1 |  1.7
Stealth        | |  1.3

Action                   |  1- 3 |  4- 6 |  7- 9 || total
-------------------------+-------+-------+-------++-------
 Fire: Hand crossbow     |    64 |   137 |   114 ||   315
  Use: Scroll            |     5 |     5 |       ||    10
       Potion            |       |     2 |     1 ||     3
Armor: Leather armour    |     8 |    11 |    22 ||    41
Dodge: Dodged            |    14 |    61 |    82 ||   157

Table legend: (Time is in decaauts)
 A = Elapsed time spent in this place.
 B = Non-inter-level travel time spent in this place.
 C = Inter-level travel time spent in this place.
 D = Time resting spent in this place.
 E = Time spent auto-exploring this place.
 F = Levels seen in this place.
 G = Mean time per level.
                   A        B        C        D        E       F      G
               +--------+--------+--------+--------+--------+-----+--------+
         Total |   5406 |   5202 |    204 |   1152 |   3446 |   5 | 1081.2 |
       Dungeon |   5406 |   5202 |    204 |   1152 |   3446 |   5 | 1081.2 |
               +--------+--------+--------+--------+--------+-----+--------+

Top non-repeatable levels by time:
     D:4: 1345 daAuts
     D:5: 1174 daAuts
     D:2: 1041 daAuts
     D:3: 948 daAuts
     D:1: 897 daAuts
